[Event "Titled Tuesday Blitz November 07 Late 2023"]
[White "The_Straightforward_Rook"]
[Black "Kravtsiv, Martyn"]
[BlackFideId "14113147"]
[WhiteElo "2576"]
[BlackElo "2854"]
[Result "0-1"]
[Round "2"]
[TimeControl "180+1"]
[Date "2023.11.07"]
[WhiteClock "0:01:26"]
[BlackClock "0:00:40"]
[Board "37"]

1. e4 e5 2. Nf3 Nc6 3. Bc4 Nf6 4. d3 Bc5 5. Bg5 h6 6. Bh4 Be7 7. c3 d6 8. a4 g5 9. Bg3 Bg4 10. Nbd2 Qd7 11. b4 O-O 12. O-O a5 13. b5 Nd8 14. Re1 Ne6 15. Nf1 Nf4 16. Ne3 Be6 17. Bxe6 fxe6 18. d4 Nxe4 19. dxe5 d5 20. c4 Bb4 21. Nxd5 Bxe1 22. Nxf4 Qxd1 23. Rxd1 Bxf2+ 24. Bxf2 Nxf2 25. Kxf2 Rxf4 26. Rd4 Rxd4 27. Nxd4 Kf7 28. c5 Rd8 29. Ke3 Rd5 30. b6 Rxe5+ 31. Kd3 Rxc5 0-1


[Site "https://www.chess.com"]

[Event "Titled Tuesday Blitz November 07 Late 2023"]
[White "Vasquez Schroeder, Rodrigo"]
[Black "Gimenez Aguirre, Alejo Ismael"]
[WhiteFideId "3400042"]
[BlackFideId "32041667"]
[WhiteElo "2845"]
[BlackElo "2574"]
[Result "1-0"]
[Round "2"]
[TimeControl "180+1"]
[Date "2023.11.07"]
[WhiteClock "0:01:22"]
[BlackClock "0:00:21"]
[Board "38"]

1. e4 e6 2. d4 d5 3. Nc3 Nf6 4. e5 Nfd7 5. Nce2 c5 6. f4 Nc6 7. c3 Qb6 8. Nf3 g6 9. a3 a5 10. b3 Bg7 11. h3 h5 12. Be3 cxd4 13. Nexd4 Nxd4 14. cxd4 Nb8 15. g3 Bd7 16. Kf2 Bb5 17. Bg2 Nc6 18. g4 a4 19. b4 Rc8 20. Rc1 Ke7 21. f5 gxf5 22. gxf5 exf5 23. Qd2 Bc4 24. h4 Nd8 25. Bh3 Bh6 26. Bxf5 Bxe3+ 27. Qxe3 Ne6 28. Rhg1 Rcg8 29. Rxg8 Rxg8 30. Qh6 Ke8 31. Qf6 Qd8 32. Bxe6 Qxf6 33. exf6 fxe6 34. Ne5 Rf8 35. f7+ Kd8 36. Rg1 Ke7 37. Ng6+ Kxf7 38. Nxf8 Kxf8 39. Rg5 1-0


[Site "https://www.chess.com"]

[Event "Titled Tuesday Blitz November 07 Late 2023"]
[White "Streltsov, Alexey"]
[Black "mind1mover"]
[WhiteFideId "24104434"]
[WhiteElo "2567"]
[BlackElo "2833"]
[Result "0-1"]
[Round "2"]
[TimeControl "180+1"]
[Date "2023.11.07"]
[WhiteClock "0:00:38"]
[BlackClock "0:00:41"]
[Board "39"]

1. d4 Nc6 2. Nc3 Nf6 3. Bf4 d6 4. e4 e5 5. dxe5 Nxe5 6. Be2 Be7 7. Nf3 Ng6 8. Be3 a6 9. h3 b5 10. Nd2 Bb7 11. a3 O-O 12. O-O Re8 13. f4 Bf8 14. Bf3 Nh4 15. Bf2 Nxf3+ 16. gxf3 Nh5 17. Ne2 c5 18. Kh2 d5 19. e5 f6 20. Nb3 d4 21. c3 Bxf3 22. cxd4 Nxf4 23. Nbc1 fxe5 24. d5 Qd7 0-1


[Site "https://www.chess.com"]

[Event "Titled Tuesday Blitz November 07 Late 2023"]
[White "Zakhartsov, Vladimir"]
[Black "Chylewski, Patryk"]
[WhiteFideId "4145097"]
[BlackFideId "1186191"]
[WhiteElo "2828"]
[BlackElo "2566"]
[Result "1-0"]
[Round "2"]
[TimeControl "180+1"]
[Date "2023.11.07"]
[WhiteClock "0:00:35"]
[BlackClock "0:00:06"]
[Board "40"]

1. d4 Nf6 2. c4 e6 3. Nf3 d5 4. g3 Bb4+ 5. Bd2 Bd6 6. Bg2 c6 7. Qc2 Nbd7 8. O-O O-O 9. b4 e5 10. c5 Bc7 11. dxe5 Nxe5 12. Nd4 a6 13. Bc3 Re8 14. Nd2 Bg4 15. h3 Bh5 16. f4 Nc4 17. Nxc4 dxc4 18. e4 h6 19. Bb2 Bg6 20. Rfe1 Qd7 21. Rad1 Qe7 22. Nf5 Qe6 23. Nd6 Bxd6 24. Rxd6 Bxe4 25. Rxe4 Qxe4 26. Bxe4 Nxe4 27. Qxc4 Nxd6 28. cxd6 Rad8 29. Be5 Rd7 30. g4 Re6 31. Kg2 Kf8 32. h4 Rexd6 33. Bxd6+ Rxd6 34. Qc5 Ke7 35. Qe5+ Kd7 36. Qxg7 Rd2+ 37. Kf3 1-0


[Site "https://www.chess.com"]

[Event "Titled Tuesday Blitz November 07 Late 2023"]
[White "Jimenez Almeida, Luis David"]
[Black "Rustemov, Alexander"]
[WhiteFideId "22242244"]
[BlackFideId "4119002"]
[WhiteElo "2565"]
[BlackElo "2821"]
[Result "0-1"]
[Round "2"]
[TimeControl "180+1"]
[Date "2023.11.07"]
[WhiteClock "0:00:28"]
[BlackClock "0:00:51"]
[Board "41"]

1. d4 g6 2. e4 Bg7 3. h4 d5 4. e5 h5 5. Nh3 c5 6. c3 Nc6 7. Be3 Nh6 8. Ng5 cxd4 9. cxd4 Nf5 10. Nc3 O-O 11. Be2 f6 12. exf6 exf6 13. Nf3 Nxe3 14. fxe3 Bh6 15. Qd3 Bf5 16. Qb5 Ne7 17. Nd1 Qd6 18. O-O a6 19. Qb3 Be6 20. Rc1 Nf5 21. Qxb7 Nxe3 22. Rc6 Qd7 23. Rc7 Qd8 24. Nxe3 Bxe3+ 25. Kh1 Rf7 26. Rxf7 Bxf7 27. Ne5 Be8 28. Bf3 Rb8 29. Bxd5+ Kf8 30. Qh7 f5 31. Bf7 Qxh4# 0-1


[Site "https://www.chess.com"]

[Event "Titled Tuesday Blitz November 07 Late 2023"]
[White "Leitao, Rafael"]
[Black "Cervantes Landeiro, Thalia"]
[WhiteFideId "2101246"]
[BlackFideId "3520498"]
[WhiteElo "2818"]
[BlackElo "2564"]
[Result "1-0"]
[Round "2"]
[TimeControl "180+1"]
[Date "2023.11.07"]
[WhiteClock "0:00:37"]
[BlackClock "0:00:00"]
[Board "42"]

1. c4 e5 2. Nc3 Nc6 3. Nf3 Nf6 4. e4 Bb4 5. d3 d6 6. a3 Bxc3+ 7. bxc3 a5 8. a4 h6 9. g3 O-O 10. Bg2 Be6 11. O-O Nd7 12. Nh4 Rb8 13. Be3 b6 14. Nf5 Ne7 15. g4 Ng6 16. Qd2 Nf6 17. h3 Nh7 18. Kh2 Nh4 19. f4 exf4 20. Bxf4 Nxg2 21. Kxg2 f6 22. Rf2 Qd7 23. Kh2 Rbd8 24. h4 Kh8 25. Rg1 Rf7 26. Rfg2 Re8 27. Nd4 c6 28. g5 fxg5 29. hxg5 hxg5 30. Bxg5 Nxg5 31. Qxg5 d5 32. cxd5 cxd5 33. e5 Qc7 34. Qh5+ Kg8 35. Rxg7+ Rxg7 36. Qxe8+ Kh7 37. Qh5+ Kg8 38. Nxe6 1-0


[Site "https://www.chess.com"]

[Event "Titled Tuesday Blitz November 07 Late 2023"]
[White "Toropov, Pavel"]
[Black "Brodsky, David"]
[WhiteFideId "24129178"]
[BlackFideId "2073250"]
[WhiteElo "2563"]
[BlackElo "2815"]
[Result "1/2-1/2"]
[Round "2"]
[TimeControl "180+1"]
[Date "2023.11.07"]
[WhiteClock "0:00:11"]
[BlackClock "0:00:06"]
[Board "43"]

1. e4 e5 2. Nf3 Nc6 3. d4 exd4 4. Nxd4 Nf6 5. Nc3 Bb4 6. Nxc6 bxc6 7. Bd3 d5 8. exd5 O-O 9. O-O Bg4 10. f3 Bh5 11. dxc6 Qd4+ 12. Kh1 Bxc3 13. bxc3 Qxc3 14. Rb1 Bg6 15. Rb3 Qxc6 16. Bb2 Rad8 17. Re1 Rfe8 18. Bxf6 Qxf6 19. Rxe8+ Rxe8 20. h3 Qf4 21. Qe2 Qc1+ 22. Kh2 Qf4+ 23. Kh1 Kf8 24. Qf2 Qc1+ 25. Kh2 Qf4+ 26. Qg3 Qxg3+ 27. Kxg3 Bxd3 28. Rxd3 Re6 29. Rc3 Ra6 30. a3 c6 31. Kf4 Ke7 32. Ke5 Ra5+ 33. Ke4 Kd6 34. g4 Ra4+ 35. Ke3 g5 36. Rd3+ Ke5 37. Rc3 Kd5 38. Rd3+ Kc5 39. Rc3+ Rc4 40. Kd3 Rxc3+ 41. Kxc3 a6 42. Kd3 Kd5 43. c4+ Kc5 44. Kc3 a5 45. Kd3 a4 46. Kc3 f6 47. Kd3 Kd6 48. Kd4 c5+ 49. Ke4 Ke6 50. f4 h6 51. f5+ Kd6 52. Kf3 1/2-1/2


[Site "https://www.chess.com"]

[Event "Titled Tuesday Blitz November 07 Late 2023"]
[White "Szpar, Milosz"]
[Black "Gontcharov, Vladislav"]
[WhiteFideId "1184989"]
[BlackFideId "4123492"]
[WhiteElo "2815"]
[BlackElo "2557"]
[Result "0-1"]
[Round "2"]
[TimeControl "180+1"]
[Date "2023.11.07"]
[WhiteClock "0:00:08"]
[BlackClock "0:00:18"]
[Board "44"]

1. Nf3 Nf6 2. c4 e6 3. b3 d5 4. Bb2 c5 5. e3 Nc6 6. cxd5 Qxd5 7. Nc3 Qd8 8. Rc1 Bd7 9. g3 Be7 10. Bg2 Rc8 11. O-O O-O 12. Qe2 e5 13. d3 b6 14. Nd2 Bd6 15. Nc4 Bb8 16. h3 Re8 17. a3 Qe7 18. b4 cxb4 19. axb4 Nxb4 20. Ba3 Bd6 21. Rb1 a5 22. Rfc1 Bc5 23. Qd1 Red8 24. Qf1 Bf5 25. Bxb4 axb4 26. Ne4 Nxe4 27. dxe4 Be6 28. Nxe5 Ba2 29. Rb2 b3 30. Nf3 Ba3 31. Rbb1 Rxc1 32. Rxc1 b2 33. Re1 Qb4 34. Rb1 Bxb1 35. Qxb1 Rc8 36. Kh2 Rc1 0-1


[Site "https://www.chess.com"]

[Event "Titled Tuesday Blitz November 07 Late 2023"]
[White "Toncheva, Nadya"]
[Black "ChessBrainiacOnTwitch"]
[WhiteFideId "2924056"]
[WhiteElo "2555"]
[BlackElo "2813"]
[Result "1-0"]
[Round "2"]
[TimeControl "180+1"]
[Date "2023.11.07"]
[WhiteClock "0:00:12"]
[BlackClock "0:00:04"]
[Board "45"]

1. d4 Nf6 2. c4 e6 3. Nc3 Bb4 4. e3 O-O 5. Bd3 d5 6. Ne2 c5 7. cxd5 Nxd5 8. O-O Nc6 9. Nxd5 Qxd5 10. Nc3 Qd8 11. dxc5 Bxc5 12. Bxh7+ Kxh7 13. Qh5+ Kg8 14. Qxc5 Qf6 15. e4 e5 16. Nd5 Qg6 17. Qxc6 Qxc6 18. Ne7+ Kh7 19. Nxc6 bxc6 20. Be3 Be6 21. b3 a5 22. Rfc1 a4 23. b4 Rfc8 24. a3 f6 25. f3 Bb3 26. Kf2 Kg8 27. Rc5 Be6 28. Rac1 Bd7 29. Rd1 Be8 30. h4 Kf7 31. g4 Ke6 32. Rc3 Rd8 33. Rcd3 Rxd3 34. Rxd3 Rc8 35. Bc5 Kf7 36. g5 Rc7 37. Rd8 Rd7 38. g6+ Kxg6 39. Rxe8 Rd2+ 40. Kg3 Ra2 41. b5 cxb5 42. Rb8 Rb2 43. Bb4 f5 44. exf5+ Kxf5 45. Rxb5 Rb3 46. Ra5 g6 47. Bd6 Re3 48. Rxa4 Rd3 49. Be7 Rb3 50. Ra5 Rd3 51. Bb4 Ke6 52. Kg4 Rd1 53. Ra6+ Kf7 54. a4 Rg1+ 55. Kh3 Rb1 56. Bd6 Rb3 57. Kg3 e4 58. Ra7+ Ke6 59. Bc5 Rxf3+ 60. Kg4 Rc3 61. Bb6 Rc1 62. a5 Rb1 63. Rg7 Kd5 64. Rxg6 Rb2 65. Kf4 Rf2+ 66. Bxf2 1-0


[Site "https://www.chess.com"]

[Event "Titled Tuesday Blitz November 07 Late 2023"]
[White "Holt, Conrad"]
[Black "Koziorowicz, Michal"]
[WhiteFideId "2034387"]
[BlackFideId "21809194"]
[WhiteElo "2810"]
[BlackElo "2550"]
[Result "1/2-1/2"]
[Round "2"]
[TimeControl "180+1"]
[Date "2023.11.07"]
[WhiteClock "0:00:14"]
[BlackClock "0:01:28"]
[Board "46"]

1. d4 Nf6 2. c4 g6 3. Nc3 Bg7 4. e4 d6 5. Nf3 O-O 6. h3 e5 7. dxe5 dxe5 8. Qxd8 Rxd8 9. Bg5 Re8 10. Nd5 Nxd5 11. cxd5 c6 12. Bc4 cxd5 13. Bxd5 Nc6 14. Ke2 Be6 15. Bxe6 Rxe6 16. Rhd1 Nd4+ 17. Nxd4 exd4 18. Kd3 Rb6 19. Rab1 h6 20. Bd2 Rc8 21. Rdc1 Rxc1 22. Bxc1 Kf8 23. b3 Ke7 24. Bb2 Ke6 25. Rc1 f5 26. exf5+ gxf5 27. Rc4 h5 28. Bxd4 Rd6 29. a4 Rd5 30. Kc3 b5 31. axb5 Bxd4+ 32. Rxd4 Rxb5 33. Rh4 Ra5 34. Rxh5 Ra2 35. f4 Rxg2 36. Kd4 Rd2+ 37. Kc5 Rc2+ 38. Kb5 Rf2 39. Rh4 Kd5 40. b4 Ke4 41. Ka6 Ra2+ 42. Kb5 Kf3 43. Kc6 Kg3 44. Rh7 Kxf4 45. Rf7 Ke5 46. b5 f4 47. h4 Ke4 48. h5 Rh2 49. Re7+ Kd3 50. Rxa7 Rxh5 51. Rf7 Ke3 52. b6 Rh6+ 53. Kc5 Rh1 54. b7 Rb1 55. Re7+ Kf2 56. Kc6 f3 57. Re5 Rxb7 58. Kxb7 Kg1 59. Kc6 f2 60. Rf5 f1=Q 61. Rxf1+ Kxf1 1/2-1/2


[Site "https://www.chess.com"]

[Event "Titled Tuesday Blitz November 07 Late 2023"]
[White "Lymar, Vladislav"]
[Black "Blohberger, Felix"]
[WhiteFideId "14162180"]
[BlackFideId "1632051"]
[WhiteElo "2549"]
[BlackElo "2808"]
[Result "0-1"]
[Round "2"]
[TimeControl "180+1"]
[Date "2023.11.07"]
[WhiteClock "0:00:11"]
[BlackClock "0:00:06"]
[Board "47"]

1. d4 Nf6 2. c4 g6 3. Nc3 Bg7 4. e4 d6 5. Nf3 O-O 6. Be2 e5 7. d5 Na6 8. Bg5 h6 9. Be3 Ng4 10. Bd2 f5 11. exf5 gxf5 12. h3 Nf6 13. Qc1 f4 14. g3 e4 15. Nh4 e3 16. fxe3 fxg3 17. Ng6 Re8 18. Nf4 Nc5 19. Qc2 Nfe4 20. Nxe4 Bf5 21. Bf3 Rxe4 22. Ne6 Qh4 23. Kd1 Nxe6 24. dxe6 Rf8 25. Qb3 Bxe6 26. Bxe4 Qxe4 27. Re1 Bxc4 28. Qc2 Bd3 29. Qb3+ d5 30. Qb4 Qxb4 31. Bxb4 Rf2 32. Rg1 g2 33. Rc1 Bxb2 34. Rxc7 Rf1+ 35. Be1 Rxg1 36. Rc8+ Kf7 37. Rc7+ Ke6 38. Kd2 Rxe1 39. Rg7 g1=Q 40. Rxg1 Rxg1 41. Kxd3 Rg2 42. e4 Rg3+ 43. Ke2 dxe4 44. Kf2 Rf3+ 45. Kg2 Bd4 46. Kh2 Kf5 0-1


[Site "https://www.chess.com"]

[Event "Titled Tuesday Blitz November 07 Late 2023"]
[White "Ghasi, Ameet K"]
[Black "Dragomirescu, Robin-Alexandru"]
[WhiteFideId "409200"]
[BlackFideId "1213849"]
[WhiteElo "2804"]
[BlackElo "2542"]
[Result "1-0"]
[Round "2"]
[TimeControl "180+1"]
[Date "2023.11.07"]
[WhiteClock "0:00:33"]
[BlackClock "0:00:09"]
[Board "48"]

1. g3 d5 2. Bg2 Nf6 3. d3 c6 4. h3 e5 5. Nd2 Be7 6. e3 O-O 7. Ne2 Re8 8. b3 a5 9. a3 Nbd7 10. Bb2 Bf8 11. g4 h6 12. Ng3 a4 13. b4 c5 14. h4 cxb4 15. axb4 Bxb4 16. g5 Nh7 17. gxh6 Qa5 18. hxg7 a3 19. Bc1 Ndf6 20. O-O e4 21. dxe4 dxe4 22. c3 Bd6 23. Ndxe4 Bxg3 24. Nxg3 Bg4 25. Qb3 a2 26. Bb2 Re6 27. Qxb7 Ra7 28. Qb8+ Re8 29. Qb3 Be6 30. c4 Qa4 31. Qxa4 Rxa4 32. c5 Rc8 33. Bd4 Nd5 34. Bxd5 Bxd5 35. Nf5 Rxd4 36. exd4 Rc7 37. Rfe1 Be6 38. Re5 Nf6 39. Ne3 Rb7 40. Rxe6 Rb1+ 41. Kg2 Rxa1 42. Ra6 Kxg7 43. Nc2 Rc1 44. Rxa2 Nd5 45. Ne3 Nf4+ 46. Kf3 Ne6 47. Rd2 Kf6 48. Nd5+ Kf5 49. Ne3+ Kf6 50. c6 Nc7 51. d5 1-0


[Site "https://www.chess.com"]

[Event "Titled Tuesday Blitz November 07 Late 2023"]
[White "Tikhonov, Viacheslav"]
[Black "Kozak, Antoni"]
[WhiteFideId "44196407"]
[BlackFideId "21832030"]
[WhiteElo "2531"]
[BlackElo "2802"]
[Result "0-1"]
[Round "2"]
[TimeControl "180+1"]
[Date "2023.11.07"]
[WhiteClock "0:00:16"]
[BlackClock "0:01:14"]
[Board "49"]

1. d4 Nf6 2. c4 e6 3. Nf3 d5 4. g3 Be7 5. Bg2 O-O 6. O-O c6 7. Qc2 b6 8. Rd1 Ba6 9. b3 Nbd7 10. Nc3 Rc8 11. e4 dxc4 12. Ne5 Nxe5 13. dxe5 Nd7 14. f4 Qc7 15. Bb2 Rfd8 16. h4 Nc5 17. b4 Nd3 18. a3 b5 19. Bf1 c5 20. bxc5 Bxc5+ 21. Kg2 Nxb2 22. Qxb2 Qc6 23. Be2 Bd4 24. Bf3 Bb7 25. Rxd4 Rxd4 26. Nd5 exd5 27. Qxd4 dxe4 28. Rd1 exf3+ 29. Kh2 h5 30. Qf2 c3 31. Rd6 Qe4 32. Rd7 Qe2 33. Kg1 Qxf2+ 34. Kxf2 c2 35. Rxb7 c1=Q 0-1


[Site "https://www.chess.com"]

[Event "Titled Tuesday Blitz November 07 Late 2023"]
[White "Bordi, Kevin"]
[Black "a-z30"]
[WhiteFideId "621862"]
[WhiteElo "2790"]
[BlackElo "2530"]
[Result "1-0"]
[Round "2"]
[TimeControl "180+1"]
[Date "2023.11.07"]
[WhiteClock "0:01:27"]
[BlackClock "0:00:00"]
[Board "50"]

1. e4 d6 2. d4 Nf6 3. Nc3 g6 4. g3 Bg7 5. Bg2 O-O 6. Nge2 Nbd7 7. O-O Rb8 8. h3 c5 9. Be3 b5 10. e5 dxe5 11. dxc5 b4 12. Nd5 e6 13. Nxf6+ Bxf6 14. a3 bxa3 15. Rxa3 Qc7 16. c6 Nb6 17. Nc3 Rd8 18. Nb5 Rxd1 19. Nxc7 Rxf1+ 20. Kxf1 Nc4 21. Rxa7 Nxe3+ 22. fxe3 Be7 23. Ne8 Kf8 24. c7 Rxb2 25. Ra8 Kxe8 26. Rxc8+ Kd7 27. Rb8 Rxc2 28. Rh8 Rxc7 29. Rxh7 Ke8 30. h4 Rc2 31. Be4 Ra2 32. Rh8+ Kd7 33. g4 Rb2 34. h5 gxh5 35. gxh5 Rh2 36. Kg1 Rh4 37. Bf3 f5 38. Kg2 e4 39. Be2 Kd6 40. Kg3 Ke5 41. Re8 Bf6 42. Ra8 Rh1 43. Ra6 Rg1+ 44. Kh2 Rg8 45. Bc4 Re8 46. h6 Re7 47. Kg3 Bg5 48. h7 Rf7 49. h8=Q+ 1-0


[Site "https://www.chess.com"]

[Event "Titled Tuesday Blitz November 07 Late 2023"]
[White "Shubenkova, Veronika"]
[Black "Troff, Kayden"]
[WhiteFideId "44124040"]
[BlackFideId "2047896"]
[WhiteElo "2529"]
[BlackElo "2786"]
[Result "0-1"]
[Round "2"]
[TimeControl "180+1"]
[Date "2023.11.07"]
[WhiteClock "0:00:19"]
[BlackClock "0:00:14"]
[Board "51"]

1. d4 Nf6 2. c4 g6 3. Nc3 d5 4. e3 Bg7 5. Nf3 O-O 6. Be2 c5 7. dxc5 dxc4 8. Qxd8 Rxd8 9. Bxc4 Nbd7 10. c6 bxc6 11. Ke2 Nb6 12. Bd3 Nfd5 13. Nxd5 Nxd5 14. a3 Rb8 15. Rb1 Rb3 16. Rd1 Rxd3 17. Rxd3 Ba6 18. Ne1 e5 19. e4 Nb6 20. Be3 f5 21. Bxb6 Rxd3 22. Be3 fxe4 23. f3 exf3+ 24. Kxf3 Rb3 25. Rc1 Bb5 26. Rc2 e4+ 27. Kxe4 Bxb2 28. a4 Bxa4 29. Nd3 Ba3 30. Ra2 Bb5 31. Nc5 Rxe3+ 32. Kxe3 Bxc5+ 33. Ke4 Bb6 34. Ke5 Kf7 35. Rd2 Ke7 36. Kf4 Bc7+ 37. Kg5 a5 38. Kh6 Bf4+ 39. Kxh7 Bxd2 0-1


[Site "https://www.chess.com"]

[Event "Titled Tuesday Blitz November 07 Late 2023"]
[White "Sokolovsky, Yahli"]
[Black "Silva, Caio Henrique Angelico"]
[WhiteFideId "2820242"]
[BlackFideId "22777210"]
[WhiteElo "2786"]
[BlackElo "2519"]
[Result "0-1"]
[Round "2"]
[TimeControl "180+1"]
[Date "2023.11.07"]
[WhiteClock "0:00:01"]
[BlackClock "0:00:38"]
[Board "52"]

1. b3 Nf6 2. Bb2 d5 3. e3 Bf5 4. d4 e6 5. Bd3 Be7 6. Nf3 O-O 7. Ne5 Nc6 8. Nxc6 bxc6 9. Nd2 Bxd3 10. cxd3 c5 11. dxc5 Bxc5 12. Rc1 Bd6 13. d4 Qe7 14. Rc6 a5 15. O-O Rfb8 16. Qc2 Qd7 17. Rc1 Rb7 18. Nf3 h6 19. Ne5 Qe7 20. Nd3 Qd7 21. f3 a4 22. bxa4 Rba7 23. Rc3 Rxa4 24. a3 Qb5 25. Nc5 R4a7 26. Rb3 Qc6 27. Qd3 Qe8 28. Nb7 Bf8 29. Rxc7 Rb8 30. Qb5 Qxb5 31. Rxb5 Bxa3 32. Bxa3 Rxa3 33. Rcc5 Ra1+ 34. Kf2 Ra2+ 35. Kg3 g5 36. Nd6 Rxb5 37. Rxb5 Nh5+ 38. Kh3 Ra7 39. Rb8+ Kg7 40. Ne8+ Kg6 41. g4 Nf6 42. Nxf6 Kxf6 43. Rh8 Kg7 44. Rc8 Ra3 45. Kg3 Rxe3 46. Rb8 Rc3 47. Rb1 Rd3 48. Rb4 Kg6 49. h3 h5 50. h4 gxh4+ 51. Kxh4 Rxf3 52. gxh5+ Kh6 53. Kg4 Re3 54. Kf4 Re4+ 55. Kf3 Kxh5 56. Ra4 Kg6 57. Rb4 f6 58. Rb6 Kf5 59. Rb4 e5 0-1


[Site "https://www.chess.com"]

[Event "Titled Tuesday Blitz November 07 Late 2023"]
[White "BardArtem"]
[Black "Lima, Kleyton Alcantara"]
[BlackFideId "22718397"]
[WhiteElo "2770"]
[BlackElo "2518"]
[Result "0-1"]
[Round "2"]
[TimeControl "180+1"]
[Date "2023.11.07"]
[WhiteClock "0:00:04"]
[BlackClock "0:00:12"]
[Board "53"]

1. e4 c5 2. c3 Nf6 3. e5 Nd5 4. Nf3 e6 5. Bc4 d6 6. d4 cxd4 7. cxd4 Be7 8. O-O Nc6 9. Bd2 O-O 10. Nc3 Nxc3 11. Bxc3 dxe5 12. dxe5 b6 13. Qe2 Bb7 14. Rfd1 Qc7 15. Rac1 Rfd8 16. Bd3 Rac8 17. h4 Rd5 18. h5 Rcd8 19. h6 g6 20. Be4 Rxd1+ 21. Rxd1 Rxd1+ 22. Qxd1 Bf8 23. Qd2 Ne7 24. Bxb7 Qxb7 25. Bb4 a5 26. Bd6 Nd5 27. Bxf8 Kxf8 28. Ng5 Kg8 29. Ne4 Qc7 30. Qg5 Qc8 31. Kh2 Qc7 32. Nf6+ Nxf6 33. Qxf6 Kf8 34. f4 Ke8 35. Qh8+ Ke7 36. Qf6+ Ke8 37. Qh8+ Ke7 38. Qa8 Qc4 39. Qf3 Qd5 40. Qa3+ Ke8 41. Qa4+ Ke7 42. a3 g5 43. b4 gxf4 44. bxa5 bxa5 45. Qxf4 Qc5 46. Qf6+ Ke8 47. Qh8+ Ke7 48. Qf6+ Ke8 49. Qg7 a4 50. Qxh7 Qxe5+ 51. Kh3 Qh5+ 52. Kg3 Qg5+ 53. Kf3 Qf6+ 54. Ke4 Qh4+ 55. Kd3 Qg3+ 56. Kc4 Qb3+ 57. Kd4 Qd5+ 58. Ke3 Qb3+ 59. Qd3 Qb6+ 60. Kf3 Qb2 61. h7 Qf6+ 62. Ke2 Qb2+ 63. Ke3 Qh8 64. g4 Kf8 65. Qd8+ Kg7 66. Qxh8+ Kxh8 67. Kd4 Kxh7 68. Kc4 f5 69. Kb4 fxg4 0-1


[Site "https://www.chess.com"]

[Event "Titled Tuesday Blitz November 07 Late 2023"]
[White "Bilan, Danila"]
[Black "Mekhitarian, Krikor Sevag"]
[WhiteFideId "24161918"]
[BlackFideId "2107660"]
[WhiteElo "2517"]
[BlackElo "2770"]
[Result "0-1"]
[Round "2"]
[TimeControl "180+1"]
[Date "2023.11.07"]
[WhiteClock "0:00:07"]
[BlackClock "0:00:10"]
[Board "54"]

1. d4 Nf6 2. Nf3 g6 3. Bg5 Bg7 4. c3 O-O 5. Nbd2 d6 6. e4 c5 7. dxc5 dxc5 8. Bc4 Nc6 9. a4 h6 10. Bh4 Nh5 11. O-O Qc7 12. Qc2 Na5 13. Ba2 g5 14. Bg3 Nxg3 15. hxg3 c4 16. Rad1 e5 17. Rfe1 Be6 18. Nf1 Rfd8 19. Ne3 Qc5 20. Rxd8+ Rxd8 21. Rd1 Rd6 22. Rxd6 Qxd6 23. Nd2 Qc5 24. Qd1 a6 25. g4 Bf8 26. Ndf1 Qd6 27. Qe2 b5 28. axb5 axb5 29. Ng3 Qd8 30. Ngf5 Nb7 31. Qc2 Nc5 32. Bb1 Qd7 33. Nd5 Bxd5 34. exd5 Nd3 35. d6 Bxd6 36. Nxh6+ Kf8 37. Qd2 Be7 38. Nf5 e4 39. Qe3 Qd5 40. Bc2 Bc5 41. Nd4 Bxd4 42. cxd4 f6 43. g3 Kf7 44. Kg2 Kg7 45. Bd1 Kf8 46. Bc2 Kf7 47. Bb1 Qc6 48. Bc2 Qb7 49. Bb1 Qa8 50. Bc2 Qe8 51. Bb1 Qe6 52. Bc2 Qxg4 53. b3 Qe6 54. bxc4 bxc4 55. Bb1 Qd5 56. Bc2 Kg6 57. Bb1 f5 58. Bc2 Kf6 59. Qe2 e3+ 60. f3 g4 61. Bxd3 cxd3 62. Qxe3 d2 63. Qxd2 Qxf3+ 64. Kh2 Qd5 65. Qh6+ Kf7 66. Qh7+ Ke8 67. Qh8+ Kd7 68. Qg7+ Kc6 69. Qf6+ Kb5 70. Kg1 Kc4 71. Kh2 Kd3 72. Qe7 Qxd4 73. Qe1 Qe4 74. Qb1+ Kd4 75. Qb4+ Ke3 76. Qe1+ Kd3 77. Qb1+ Kd2 78. Qf1 Qe2+ 79. Qg2 Qxg2+ 80. Kxg2 Ke2 81. Kg1 Kf3 82. Kh2 Kf2 83. Kh1 Kxg3 84. Kg1 f4 85. Kh1 Kh3 86. Kg1 g3 87. Kh1 g2+ 88. Kg1 f3 89. Kf2 Kh2 0-1


[Site "https://www.chess.com"]

[Event "Titled Tuesday Blitz November 07 Late 2023"]
[White "Jarmula, Lukasz"]
[Black "Arencibia Monduy, Antonio"]
[WhiteFideId "1160664"]
[BlackFideId "3507939"]
[WhiteElo "2763"]
[BlackElo "2517"]
[Result "0-1"]
[Round "2"]
[TimeControl "180+1"]
[Date "2023.11.07"]
[WhiteClock "0:00:01"]
[BlackClock "0:00:03"]
[Board "55"]

1. c4 b6 2. Nc3 Bb7 3. d4 Nf6 4. a3 e6 5. d5 exd5 6. cxd5 Be7 7. e4 d6 8. Nf3 O-O 9. Be2 Re8 10. O-O Bf8 11. Bg5 h6 12. Bh4 g5 13. Bg3 Nxe4 14. Nxe4 Rxe4 15. Bd3 Re8 16. Bb5 Nd7 17. Rc1 Bg7 18. b4 a6 19. Ba4 b5 20. Bb3 Nb6 21. h4 a5 22. hxg5 hxg5 23. Nh2 axb4 24. axb4 Nc4 25. Ng4 f5 26. Bc2 fxg4 27. Qd3 Qf6 28. Qh7+ Kf8 29. f3 Qh6 30. fxg4+ Ke7 31. Rce1+ Ne5 32. Qf5 Rf8 33. Qe4 Rxf1+ 34. Rxf1 Rf8 35. Rc1 Kd8 36. Bd1 Qf6 37. Be2 Qf7 38. Rd1 Qd7 39. Qe3 Nxg4 40. Qxg5+ Nf6 41. Bh4 Qe7 42. Bf3 Bc8 43. Re1 Qf7 44. Bh5 Qg8 45. Qe3 Bd7 46. Qe7+ Kc8 47. Bf3 Nxd5 48. Bxd5 Qxd5 49. Qxg7 Rg8 50. Qb2 Bc6 51. Re2 Rg4 52. Bf6 Kb7 53. Rf2 Re4 54. Qe2 Rxe2 55. Rxe2 Qc4 0-1


[Site "https://www.chess.com"]

[Event "Titled Tuesday Blitz November 07 Late 2023"]
[White "Taboas Rodriguez, Daniel"]
[Black "Goltsev, Dmitry"]
[WhiteFideId "2208466"]
[BlackFideId "24176710"]
[WhiteElo "2516"]
[BlackElo "2756"]
[Result "1-0"]
[Round "2"]
[TimeControl "180+1"]
[Date "2023.11.07"]
[WhiteClock "0:00:05"]
[BlackClock "0:00:00"]
[Board "56"]

1. d4 e6 2. Nf3 Nf6 3. c4 b6 4. Nc3 Bb4 5. Qc2 Ba6 6. a3 Be7 7. e4 d6 8. e5 Nfd7 9. Bf4 O-O 10. Bd3 h6 11. O-O dxe5 12. dxe5 Nc5 13. Bh7+ Kh8 14. Rad1 Qe8 15. b3 Bb7 16. b4 Ncd7 17. Be4 Nc6 18. Qc1 Rb8 19. Bxh6 Ncxe5 20. Nxe5 Nxe5 21. Bxb7 Rxb7 22. Bf4 Ng6 23. Rd3 f5 24. Re1 Bf6 25. Nb5 Qf7 26. Bg5 a6 27. Nd4 e5 28. Nc6 f4 29. Bxf6 Qxf6 30. b5 axb5 31. cxb5 Nh4 32. Rh3 Kg8 33. Qc4+ Rf7 34. Nxe5 c5 35. bxc6 Rc7 36. Nxf7 Rxf7 37. c7 1-0


[Site "https://www.chess.com"]

[Event "Titled Tuesday Blitz November 07 Late 2023"]
[White "Krzyzanowski, Marcin"]
[Black "TimGrutter03"]
[WhiteFideId "1132199"]
[WhiteElo "2756"]
[BlackElo "2515"]
[Result "1-0"]
[Round "2"]
[TimeControl "180+1"]
[Date "2023.11.07"]
[WhiteClock "0:00:11"]
[BlackClock "0:00:00"]
[Board "57"]

1. e4 c6 2. d4 d5 3. e5 c5 4. Nf3 cxd4 5. Qxd4 Nc6 6. Qf4 e6 7. Bd3 Nge7 8. O-O Ng6 9. Qg3 Nb4 10. h4 Nxd3 11. cxd3 Ne7 12. Bg5 Qb6 13. Bxe7 Bxe7 14. Qxg7 Rf8 15. Nbd2 Bd7 16. Rac1 Bc6 17. Nb3 O-O-O 18. Qxh7 Kb8 19. Nbd4 Bd7 20. h5 Bc5 21. Nb3 Be7 22. h6 Rde8 23. Qg7 Rg8 24. Qxf7 Rgf8 25. Qh5 Rf5 26. Qg4 Rh8 27. h7 Qd8 28. Qg6 Be8 29. Qxe6 Rxf3 30. gxf3 Rxh7 31. Rfd1 Bg5 32. Rc5 Bc6 33. Nd4 Qh8 34. Nxc6+ bxc6 35. Qd6+ Ka8 36. Qxc6+ Kb8 37. Rb5+ 1-0


[Site "https://www.chess.com"]

[Event "Titled Tuesday Blitz November 07 Late 2023"]
[White "Korchmar, Vasiliy"]
[Black "Ronka, Erik"]
[WhiteFideId "24131750"]
[BlackFideId "505080"]
[WhiteElo "2748"]
[BlackElo "2513"]
[Result "1-0"]
[Round "2"]
[TimeControl "180+1"]
[Date "2023.11.07"]
[WhiteClock "0:01:57"]
[BlackClock "0:00:56"]
[Board "58"]

1. e4 c5 2. d4 cxd4 3. Qxd4 Nc6 4. Qd3 g6 5. Nc3 Bg7 6. Nf3 d6 7. Be2 Nf6 8. O-O O-O 9. Nd5 Nd7 10. c3 b6 11. Bg5 Bb7 12. Rad1 Re8 13. Qe3 Nf8 14. h4 Ne6 15. Bh6 Bh8 16. h5 Qc8 17. g3 Ne5 18. Nxe5 Bxe5 19. Kg2 Nc7 20. Bf3 e6 21. Nf4 d5 22. Rh1 dxe4 23. Bxe4 Bxe4+ 24. Qxe4 Bf6 25. hxg6 hxg6 26. Nxg6 Nd5 27. Qg4 1-0


[Site "https://www.chess.com"]